 Dungeon Crawl Stone Soup version 0.29.0-4-gdea44cf6ec (webtiles) character file.

Game seed: 8882261209521402510

228 qw the Chopper (level 6, -7/35 HPs)
             Began as a Tengu Warper on Aug 28, 2022.
             Mangled by Duvessa
             ... wielding a +4 rapier of speed
              (8 damage)
             ... on level 4 of the Dungeon.
             The game lasted 00:00:21 (4482 turns).

qw the Chopper (Tengu Warper)                       Turns: 4482, Time: 00:00:22

Health: -7/35      AC:  9    Str: 12 (14) XL:     6   Next: 2%
Magic:  10/10      EV:  6    Int: 13      God:
Gold:   171        SH:  0    Dex: 11 (13) Spells: 9/9 levels left

rFire   . . .      SeeInvis .   Y - +0 hand axe
rCold   . . .      Faith    .   (no shield)
rNeg    . . .      Spirit   .   h - +0 chain mail
rPois   .          Reflect  .   c - +1 hat
rElec   .          Harm     .   (no cloak)
rCorr   .          Rampage  .   (no gloves)
Will    .....                   (boots unavailable)
Stlth   ..........              (no amulet)
HPRegen 0.11/turn               (no ring)
MPRegen 0.12/turn               (no ring)

@: lit by a corona, about to teleport, flying quickly and evasively, glowing,
quick
A: beak, talons 3, nimble flight
a: no special abilities


You were on level 4 of the Dungeon.
You visited 1 branch of the dungeon, and saw 4 of its levels.

You collected 171 gold pieces.


Innate Abilities, Weirdness & Mutations

You have a beak for a mouth.
You have claws for feet.
Your magical nature lets you fly swiftly and evasively.


   Skills:
 - Level 2.0 Fighting
 + Level 6.4 Axes
 - Level 1.0 Throwing
 - Level 2.0 Armour
 - Level 2.1 Dodging
 - Level 2.0 Spellcasting
 - Level 2.4 Translocations


You had 9 spell levels left.
You didn't know any spells.
Your spell library contained the following spells:

 Spells                   Type           Power      Damage    Failure   Level
 Blink                    Tloc           14%        N/A       99%         2
 Gell's Gravitas          Tloc           7%         N/A       100%        3
 Lesser Beckoning         Tloc           7%         N/A       100%        3
 Teleport Other           Tloc           7%         N/A       100%        3
 Manifold Assault         Tloc           7%         N/A       100%        5

Inventory:

Hand Weapons
 a - a +0 mace
 Y - a +0 hand axe (weapon)
Missiles
 f - 6 boomerangs (quivered)
Armour
 c - a +1 hat (worn)
 h - a +0 chain mail (worn)
Scrolls
 b - a scroll of teleportation
Potions
 d - 2 potions of curing
 e - a potion of mutation {unknown}
 g - 2 potions of brilliance
 i - 2 potions of haste {unknown}

Dungeon Overview and Level Annotations

Branches:
Dungeon (4/15)
 Temple: D:4-7

Altars:
Trog
Xom

Annotations:
D:4 Dowan, Duvessa


Message History

You start resting.
HP restored.
You see here the felid corpse of Natasha.
You reach down and open the door.
Found a stone staircase leading down.
There is an open door here.
You reach down and open the door.
There is an open door here.
There is an open door here.
There is a stone staircase leading down here.
There is an open door here.
You reach down and open the door.
Duvessa and Dowan come into view.
Duvessa is wielding a +4 rapier of speed.
Duvessa shouts!
Dowan shouts!
Enter note: Duvessa hits you with a +4 rapier of speed!
Duvessa hits you with a +4 rapier of speed.
There is an open door, spattered with blood here.
You hit Duvessa but do no damage. You claw Duvessa, but do no damage.
Your peck misses Duvessa. You hit Dowan but do no damage.
Dowan laughs at you. "Don't get delusional, you can't win!"
Dowan hits you but does no damage.
Duvessa hits you with a +4 rapier of speed.
You hit Duvessa but do no damage. You closely miss Dowan.
Duvessa hits you with a +4 rapier of speed.
Dowan casts a spell at you.
You are outlined in light.
You hit Duvessa but do no damage. You peck Duvessa, but do no damage.
You hit Dowan.
Duvessa hits you with a +4 rapier of speed.
Dowan hits you but does no damage.
Duvessa hits you with a +4 rapier of speed.
4482 ||| READING 2 scrolls of teleportation.
As you read the scroll of teleportation, it crumbles to dust.
You feel strangely unstable.
Duvessa hits you with a +4 rapier of speed!
Dowan barely misses you.
Duvessa hits you with a +4 rapier of speed!
You die...

#.........##...#
#.........#...>#
#.........'....#
#.........#....#
#......%..####'#
######.....#...#
#....#.....#...#
#...e#.....#...#
#...e@.....#...#
#....#.....#...#
#....#.....#...#
##+###.....#...#
...####...#
...#......#
...#......#
....#......#
########


You could see Duvessa and Dowan.

Vanquished Creatures
  A scorpion (D:4)
  A hound (D:4)
  Natasha (D:4)
  3 adders (D:2)
  3 worms
  5 dart slugs
  2 orcs (D:3)
  9 bats
  3 endoplasms
  2 giant cockroaches
  7 goblins
  5 hobgoblins
  8 jackals
  2 quokkas
  6 ball pythons
  4 frilled lizards
  2 kobolds
  2 rats (D:1)
66 creatures vanquished.

Vanquished Creatures (others)
  5 demonic plants (D:2)
  7 fungi (D:2)
  2 plants (D:2)
  2 withered plants (D:2)
16 creatures vanquished.

Grand Total: 82 creatures vanquished

Notes
Turn   | Place    | Note
-------+----------+-------------------------------------------
     0 | D:1      | qw the Tengu Warper began the quest for the Orb.
     0 | D:1      | Reached XP level 1. HP: 12/12 MP: 4/4
     0 | D:1      | 0 ||| qw: Version: 0.1-a-89-g26bdef1
     0 | D:1      | 0 ||| qw: Game counter: 1003
     0 | D:1      | 0 ||| qw: Always use a shield: true
     0 | D:1      | 0 ||| qw: God list: Okawaru
     0 | D:1      | 0 ||| qw: Allow faded altars: false
     0 | D:1      | 0 ||| qw: Do Orc after D:15 true
     0 | D:1      | 0 ||| qw: Do second Lair branch before Depths: true
     0 | D:1      | 0 ||| qw: Lair rune preference: random
     0 | D:1      | 0 ||| qw: Plans: Normal
     0 | D:1      | 0 ||| PLANNING D:1-11
     4 | D:1      | Noticed an anaconda
    13 | D:1      | Noticed a black mamba
   125 | D:1      | HP: 3/12 [jackal (2)]
   132 | D:1      | Reached XP level 2. HP: 4/17 MP: 6/6
   385 | D:1      | Reached skill level 3 in Axes
  1248 | D:1      | 1248 ||| READING scroll labelled ODEHISU DANNIR.
  1370 | D:1      | 1370 ||| READING scroll labelled VUHOON XATRA.
  1371 | D:1      | 1371 ||| DROPPING scroll of blinking.
  1439 | D:2      | 1439 ||| Stepping ~*~*~tactically~*~*~ (stealth).
  1444 | D:2      | 1444 ||| Stepping ~*~*~tactically~*~*~ (stealth).
  1481 | D:2      | Reached XP level 3. HP: 20/21 MP: 7/7
  1527 | D:2      | 1527 ||| FLEEEEING.
  1528 | D:2      | 1528 ||| FLEEEEING.
  1529 | D:2      | 1529 ||| FLEEEEING.
  1530 | D:2      | 1530 ||| FLEEEEING.
  1620 | D:2      | Reached skill level 4 in Axes
  1808 | D:2      | 1808 ||| Stepping ~*~*~tactically~*~*~ (stealth).
  1845 | D:2      | 1845 ||| Stepping ~*~*~tactically~*~*~ (stealth).
  1914 | D:2      | HP: 4/21 [adder (4)]
  2143 | D:2      | 2143 ||| Stepping ~*~*~tactically~*~*~ (stealth).
  2149 | D:2      | 2149 ||| Stepping ~*~*~tactically~*~*~ (stealth).
  2172 | D:2      | 2172 ||| Stepping ~*~*~tactically~*~*~ (hiding).
  2214 | D:2      | Found a faded altar of an unknown god.
  2256 | D:2      | Reached XP level 4. HP: 26/26 MP: 8/8
  2500 | D:2      | Reached skill level 5 in Axes
  2614 | D:2      | 2614 ||| UPGRADING to +1 hat.
  2619 | D:2      | 2619 ||| READING scroll labelled UMUTRY ZEGA.
  2620 | D:2      | 2620 ||| READING scroll labelled MEAJUD AMAYRR.
  2681 | D:2      | 2681 ||| DRINKING 2 fizzy dark potions.
  2682 | D:2      | 2682 ||| DROPPING potion of attraction.
  2767 | D:3      | Found a shimmering altar of Xom.
  2800 | D:3      | 2800 ||| Stepping ~*~*~tactically~*~*~ (stealth).
  3097 | D:3      | 3097 ||| Stepping ~*~*~tactically~*~*~ (stealth).
  3097 | D:3      | Found a bloodstained altar of Trog.
  3099 | D:3      | 3099 ||| Stepping ~*~*~tactically~*~*~ (stealth).
  3103 | D:3      | 3103 ||| FLEEEEING.
  3104 | D:3      | 3104 ||| FLEEEEING.
  3105 | D:3      | 3105 ||| FLEEEEING.
  3106 | D:3      | 3106 ||| FLEEEEING.
  3107 | D:3      | 3107 ||| FLEEEEING.
  3108 | D:3      | 3108 ||| FLEEEEING.
  3109 | D:3      | 3109 ||| FLEEEEING.
  3110 | D:3      | 3110 ||| FLEEEEING.
  3111 | D:3      | 3111 ||| FLEEEEING.
  3112 | D:3      | 3112 ||| FLEEEEING.
  3115 | D:3      | 3115 ||| FLEEEEING.
  3116 | D:3      | 3116 ||| FLEEEEING.
  3117 | D:3      | 3117 ||| FLEEEEING.
  3120 | D:3      | 3120 ||| FLEEEEING.
  3121 | D:3      | 3121 ||| FLEEEEING.
  3133 | D:3      | 3133 ||| FLEEEEING.
  3134 | D:3      | 3134 ||| FLEEEEING.
  3135 | D:3      | 3135 ||| FLEEEEING.
  3136 | D:3      | 3136 ||| FLEEEEING.
  3137 | D:3      | 3137 ||| FLEEEEING.
  3138 | D:3      | 3138 ||| FLEEEEING.
  3139 | D:3      | 3139 ||| FLEEEEING.
  3140 | D:3      | 3140 ||| FLEEEEING.
  3141 | D:3      | 3141 ||| FLEEEEING.
  3142 | D:3      | 3142 ||| FLEEEEING.
  3143 | D:3      | 3143 ||| FLEEEEING.
  3144 | D:3      | 3144 ||| FLEEEEING.
  3145 | D:3      | 3145 ||| FLEEEEING.
  3158 | D:3      | 3158 ||| FLEEEEING.
  3159 | D:3      | 3159 ||| FLEEEEING.
  3160 | D:3      | 3160 ||| FLEEEEING.
  3161 | D:3      | 3161 ||| FLEEEEING.
  3162 | D:3      | 3162 ||| FLEEEEING.
  3163 | D:3      | 3163 ||| FLEEEEING.
  3164 | D:3      | 3164 ||| FLEEEEING.
  3165 | D:3      | 3165 ||| FLEEEEING.
  3166 | D:3      | 3166 ||| FLEEEEING.
  3169 | D:3      | 3169 ||| FLEEEEING.
  3170 | D:3      | 3170 ||| STAIRDANCE
  3203 | D:2      | 3203 ||| UPGRADING to +0 chain mail.
  3213 | D:2      | 3213 ||| DROPPING +0 leather armour.
  3214 | D:2      | 3214 ||| READING scroll labelled BESUSE JOIH.
  3215 | D:2      | 3215 ||| DRINKING 3 fuming red potions.
  3216 | D:2      | 3216 ||| DRINKING 2 murky inky potions.
  3217 | D:2      | 3217 ||| DRINKING 2 golden potions.
  3243 | D:2      | 3243 ||| DROPPING potion of degeneration.
  3244 | D:2      | 3244 ||| DROPPING potion of lignification.
  3250 | D:3      | 3250 ||| STAIRDANCE
  3265 | D:3      | 3265 ||| STAIRDANCE
  3662 | D:3      | 3662 ||| READING scroll labelled URGHITHR HOMOM.
  3738 | D:4      | Gained mutation: Your magical nature lets you fly swiftly
                  | and evasively. [Tengu growth]
  3738 | D:4      | Reached XP level 5. HP: 27/30 MP: 9/9
  3797 | D:4      | 3797 ||| Stepping ~*~*~tactically~*~*~ (hiding).
  3975 | D:4      | Reached skill level 6 in Axes
  4330 | D:4      | 4330 ||| Stepping ~*~*~tactically~*~*~ (stealth).
  4351 | D:4      | 4351 ||| Stepping ~*~*~tactically~*~*~ (stealth).
  4410 | D:4      | Noticed Natasha
  4419 | D:4      | Killed Natasha
  4420 | D:4      | Reached XP level 6. HP: 34/35 MP: 10/10
  4477 | D:4      | Noticed Duvessa
  4477 | D:4      | Noticed Dowan
  4481 | D:4      | HP: 8/35 [Duvessa/+4 rapier of speed (6)]
  4482 | D:4      | 4482 ||| READING 2 scrolls of teleportation.
  4482 | D:4      | HP: 1/35 [Duvessa/+4 rapier of speed (7)]
  4482 | D:4      | Mangled by Duvessa

Levels and vault maps discovered:
D:1:      sevenhm_arrival_forest_fort_small_2, layout_basic,
          roderic_serpentine_path
D:2:      layout_rooms, shapermc_ecumenical_altar_gd
D:3:      layout_loops_ring, mainiacjoe_overflow_six_doors_small,
          trog_hazing_becter
D:4:      layout_gridville, grunt_tough_drop, uniq_duvessa, uniq_natasha

Skill      XL: |  1  2  3  4  5 |
---------------+----------------+-----
Axes           | 3 4 5 6 |  6.4
Armour         | 2 |  2.0
Fighting       | |  2.0
Throwing       | |  1.0
Dodging        | |  2.1
Spellcasting   | |  2.0
Translocations | |  2.4

Action                   |  1- 3 |  4- 6 || total
-------------------------+-------+-------++-------
Melee: Hand axe          |   106 |    87 ||   193
       Peck              |    12 |    17 ||    29
       Kick              |    17 |    24 ||    41
       Punch             |       |     3 ||     3
Throw: Boomerang         |     7 |     3 ||    10
  Use: Scroll            |     2 |     5 ||     7
       Potion            |       |     4 ||     4
Armor: Leather armour    |    38 |     6 ||    44
       Chain mail        |       |    28 ||    28
Dodge: Dodged            |    78 |    36 ||   114

Table legend:
 A = Non-vault XP
 B = Vault XP
 C = Vault XP percentage of total XP
 D = Non-vault monster count
 E = Vault monster count
 F = Vault count percentage of total count
                 A         B        C        D         E       F
            +---------+---------+-------+---------+---------+-------
      Total |     280 |      47 |  14.4 |      59 |       7 |  10.6
            +---------+---------+-------+---------+---------+-------
        D:1 |      29 |       0 |   0.0 |      18 |       0 |   0.0
        D:2 |      90 |       6 |   6.2 |      27 |       3 |  10.0
        D:3 |      25 |       3 |  10.7 |      10 |       2 |  16.7
        D:4 |     136 |      38 |  21.8 |       4 |       2 |  33.3
            +---------+---------+-------+---------+---------+-------
